 Dungeon Crawl Stone Soup version 0.30-a0-760-g5a9884bb7c (webtiles) character file.

Game seed: 8421487823477938599

0 kae the Digger (level 1, -1/10 HPs)
             Began as a Gargoyle Earth Elementalist on Feb 10, 2023.
             Slain by a hobgoblin (2 damage)
             ... on level 1 of the Dungeon.
             The game lasted 00:00:09 (80 turns).

kae the Digger (Gargoyle Earth Elementalist)          Turns: 80, Time: 00:00:10

Health: -1/10      AC:  4    Str: 11    XL:     1   Next: 10%
Magic:  1/3        EV: 11    Int: 15    God:
Gold:   14         SH:  0    Dex: 10    Spells: 3/4 levels left

rFire   . . .      SeeInvis .    (no weapon)
rCold   . . .      Faith    .    (no shield)
rNeg    + . .      Spirit   .    a - +0 robe
rPois   ∞          Reflect  .    (no helmet)
rElec   +          Harm     .    (no cloak)
rCorr   .          Rampage  .    (no gloves)
Will    .....                    (no boots)
Stlth   ++                       (no amulet)
HPRegen 0.21/turn                (no ring)
MPRegen 0.08/turn                (no ring)

@: no status effects
A: sickness immunity, AC +2, negative energy resistance 1, electricity
resistance, torment resistance 1, petrification resistance
a: no special abilities


You were on level 1 of the Dungeon.
You visited 1 branch of the dungeon, and saw 1 of its levels.

You collected 14 gold pieces.


Innate Abilities, Weirdness & Mutations

You are immune to sickness and miasma.
Your stone body is resilient. (AC +2)
You are immune to poison.
You resist negative energy. (rN+)
You are resistant to electric shocks. (rElec)
You are resistant to unholy torment.
You are immune to petrification.


   Skills:
 - Level 1.5 Dodging
 - Level 2.1 Stealth
 + Level 2.0 Spellcasting
 - Level 0.7 Transmutations
 + Level 3.6 Earth Magic


You had 3 spell levels left.
You knew the following spells:

 Your Spells              Type           Power      Damage    Failure   Level
a - Sandblast             Erth           24%        2d8       4%          1

Your spell library contained the following spells:

 Spells                   Type           Power      Damage    Failure   Level
 Passwall                 Tmut/Erth      6%         N/A       14%         2
 Stone Arrow              Conj/Erth      14%        3d7       30%         3
 Petrify                  Tmut/Erth      8%         N/A       65%         4

Inventory:

Missiles
 e - 4 stones
Armour
 a - a +0 robe (worn)
Scrolls
 f - a scroll of acquirement {unknown}
Potions
 b - a potion of magic
 c - a potion of lignification {unknown}
 d - a potion of invisibility {unknown}

Dungeon Overview and Level Annotations

Branches:
Dungeon (1/15) Zot: 5918

Altars:

#.....# ##..........
#.....###...........
#...............####
#..............#.###
#.............###.#.
#............## ##.#
####........#.###.#.
#g..###.####.#.#.#
#@#..##.# ##.#.<.
########g##....####.#.#.#
........r####...##.###.#)
#.####?..# ##..#.## ##.#
#†..# ##...# #. #....#
##..# # ......# #....
#.......# ##.....
###.....# ####....


You could see 2 hobgoblins and a rat.


Message History

Lua error: /dgldir/rcfiles/crawl-git/kae.rc:525: unexpected symbol near '#' 🤖 Initializing magus.rc ...
Options error: Bad monster_list_colour key: strict_neutral (~/.crawlrc:5317) Bad channel name for runrest: 'pray:' ✅ Successfully initialized magus.rc [v1.11.3] Welcome, kae the Gargoyle Earth Elementalist.
Everyone else who sought the Orb of Zot has failed.
Will you be different?
Press ? for a list of commands and other information.
Found a dagger.
Found a staircase leading out of the dungeon.
c - a viscous orange potion
d - a coppery potion
e - 4 stones
f - a scroll labelled GEAR BIAZYNNE You now have 14 gold pieces.
A bat comes into view.
A bat is nearby!
A bat is nearby!
A bat is nearby!
A hobgoblin comes into view.
You see here a scroll labelled KUCSUJ LEAPH.
Casting: Sandblast (safe; 4% risk of failure)
Confirm with . or Enter, or press ? or * to list all spells.
Aiming: Sandblast (safe; 4% risk of failure)
Press: ? - help, Shift-Dir - straight line, f - bat
Aim: a bat (73% to hit)
The blast of sand misses the bat.
The hobgoblin shouts!
The bat closely misses you. The bat completely misses you. 😎 MP[-1]
You lost 1 mp, and now have 2/3 mp.
Casting: Sandblast (safe; 4% risk of failure)
Confirm with . or Enter, or press ? or * to list all spells.
Aiming: Sandblast (safe; 4% risk of failure)
Press: ? - help, Shift-Dir - straight line, f/p - bat
Aim: a bat (73% to hit)
The blast of sand hits the bat.
You kill the bat! 😎 MP[-1]
You lost 1 mp, and now have 1/3 mp.
A hobgoblin is nearby!
A hobgoblin is nearby!
A hobgoblin comes into view.
You see here a bat corpse.
Casting: Sandblast (safe; 4% risk of failure)
Confirm with . or Enter, or press ? or * to list all spells.
Aiming: Sandblast (safe; 4% risk of failure)
Press: ? - help, Shift-Dir - straight line, f - hobgoblin
Aim: a hobgoblin (82% to hit)
You miscast Sandblast.
You are very lightly contaminated with residual magic.
Nothing appears to happen.
The hobgoblin shouts!
A rat comes into view. 😎 MP[-1]
You lost 1 mp, and now have 0/3 mp.
You see here a scroll labelled KUCSUJ LEAPH.
Casting: Sandblast (safe; 4% risk of failure)
Confirm with . or Enter, or press ? or * to list all spells.
You don't have enough magic to cast this spell.
You hit the hobgoblin but do no damage. The hobgoblin hits you.
Your magical contamination has completely faded away. 😮 HP[-3]
You take 3 damage, and now have 7/10 hp.
MASSIVE DAMAGE!! (PAUSE)
You hit the hobgoblin.
The rat twitches its whiskers.
The hobgoblin hits you but does no damage.
You closely miss the hobgoblin.
The hobgoblin closely misses you. 😮 MP[+1]
You hit the hobgoblin.
The hobgoblin hits you but does no damage.
You closely miss the hobgoblin. 😕 HP[+1]
The hobgoblin barely misses you.
The hobgoblin hits you but does no damage.
Unknown command.
You barely miss the hobgoblin.
The hobgoblin hits you but does no damage.
The hobgoblin hits you.
* * * LOW HITPOINT WARNING * * *
😨 HP[-4]
You take 4 damage, and now have 4/10 hp.
MASSIVE DAMAGE!! (PAUSE)
You barely miss the hobgoblin.
The hobgoblin hits you but does no damage.
The hobgoblin barely misses you.
You hit the hobgoblin but do no damage. The hobgoblin completely misses you.
The hobgoblin hits you.
* * * LOW HITPOINT WARNING * * *
😱 HP[-3]
You take 3 damage, and now have 1/10 hp.
MASSIVE DAMAGE!! (PAUSE)
You hit the hobgoblin but do no damage.
You punch the hobgoblin, but do no damage.
The hobgoblin hits you but does no damage.
The hobgoblin hits you.
You die...

Action                     || total
---------------------------++-------
  Melee: Unarmed           ||     9
         Punch             ||     1
   Cast: Sandblast         ||     2
 Armour: Robe              ||     6
  Dodge: Dodged            ||     6

Levels and vault maps discovered:
D:1:      minmay_arrival_diagonal_passages, layout_rooms,
          nicolae_concentric_dashed_squares_wild

Notes
Turn   | Place    | Note
-------+----------+-------------------------------------------
     0 | D:1      | kae the Gargoyle Earth Elementalist began the quest for the
                  | Orb.
     0 | D:1      | Reached XP level 1. HP: 10/10 MP: 3/3
     0 | D:1      | magus.rc [v1.11.3]
    79 | D:1      | HP: 1/10 [hobgoblin (4)]
    80 | D:1      | Slain by a hobgoblin

Vanquished Creatures
  A bat (D:1)
1 creature vanquished.

Table legend:
 A = Non-vault XP
 B = Vault XP
 C = Vault XP percentage of total XP
 D = Non-vault monster count
 E = Vault monster count
 F = Vault count percentage of total count
                 A         B        C        D         E       F
            +---------+---------+-------+---------+---------+-------
      Total |       1 |       0 |   0.0 |       1 |       0 |   0.0
            +---------+---------+-------+---------+---------+-------
        D:1 |       1 |       0 |   0.0 |       1 |       0 |   0.0
            +---------+---------+-------+---------+---------+-------

Illustrated notes

Table legend:
 A = Kills in this place as a percentage of kills in entire the game.
 B = Kills by you in this place as a percentage of kills by you in the entire game.
 C = Kills by friends in this place as a percentage of kills by friends in the entire game.
 D = Other kills in this place as a percentage of other kills in the entire game.
 E = Experience gained in this place as a percentage of experience gained in the entire game.
 F = Experience gained in this place divided by the number of levels of this place that you have seen.
                   A       B       C       D       E      F
               +-------+-------+-------+-------+-------+----------------------
         Total | 100.0 | 100.0 |   N/A |   N/A | 100.0 |   1.0
       Dungeon | 100.0 | 100.0 |   N/A |   N/A | 100.0 |   1.0
               +-------+-------+-------+-------+-------+----------------------

Table legend: (Time is in decaauts)
 A = Elapsed time spent in this place.
 B = Non-inter-level travel time spent in this place.
 C = Inter-level travel time spent in this place.
 D = Time resting spent in this place.
 E = Time spent auto-exploring this place.
 F = Levels seen in this place.
 G = Mean time per level.
                   A        B        C        D        E       F      G
               +--------+--------+--------+--------+--------+-----+--------+
         Total |     81 |     81 |      0 |      0 |     57 |   1 |   81.0 |
       Dungeon |     81 |     81 |      0 |      0 |     57 |   1 |   81.0 |
               +--------+--------+--------+--------+--------+-----+--------+

Top non-repeatable levels by time:
     D:1: 81 daAuts
